 Dungeon Crawl Stone Soup version 0.21-a0-314-gb3271ec (webtiles) character file.

68 Hasart the Skirmisher (level 4, -1/37 HPs)
             Began as a Mummy Fighter on Sept 29, 2017.
             Slain by a centaur (5 damage)
             ... on level 3 of the Dungeon.
             The game lasted 00:03:02 (1773 turns).

Hasart the Skirmisher (Mummy Fighter)               Turns: 1773, Time: 00:03:04

Health: -1/37      AC:  7    Str: 20    XL:     4   Next: 1%
Magic:  4/4        EV:  7    Int:  7    God:
Gold:   104        SH:  8    Dex: 11    Spells: 3/3 levels left

rFire    x . .     SeeInvis +   a - +0 long sword
rCold    + . .     Gourm    .   c - +0 shield
rNeg     + + +     Faith    .   b - +0 scale mail
rPois    ∞         Spirit   .   f - +0 helmet
rElec    .         Reflect  .   (no cloak)
rCorr    .         Harm     .   (no gloves)
MR       .....     Rnd*Tele +   (no boots)
Stlth    ..........             (no amulet)
HPRegen  0.12/turn              d - ring of see invisible
MPRegen  0.09/turn              g - ring of teleportation (curse)

@: no status effects
A: no food or potions, fire vulnerability, cold resistance 1, negative energy
resistance 3, torment resistance, unbreathing
a: no special abilities


You were on level 3 of the Dungeon.
You were not hungry.

You visited 1 branch of the dungeon, and saw 3 of its levels.

You collected 104 gold pieces.

Inventory:

Hand Weapons
 a - a +0 long sword (weapon)
Armour
 b - a +0 scale mail (worn)
 c - a +0 shield (worn)
 f - a +0 helmet (worn)
Jewellery
 d - a ring of see invisible (left hand)
 g - a cursed ring of teleportation (right hand)


   Skills:
 + Level 3.8 Fighting
 * Level 2.9 Long Blades
 - Level 2.4 Armour
 - Level 2.4 Shields


You had 3 spell levels left.
You didn't know any spells.

Dungeon Overview and Level Annotations

Branches:
Dungeon (3/15)

Altars:
Kikubaaqudgha
Makhleb
Okawaru


Innate Abilities, Weirdness & Mutations

You do not eat or drink.
Your flesh is vulnerable to fire.
You are immune to poison.
Your flesh is cold resistant. (rC+)
You are immune to negative energy. (rN+++)
You are immune to unholy pain and torment.
You can survive without breathing.


Message History

* * * LOW HITPOINT WARNING * * *
You block the centaur's attack.
You hit the centaur.
The centaur is moderately wounded.
The centaur hits you but does no damage.
The centaur hits you.
* * * LOW HITPOINT WARNING * * *
You hit the centaur but do no damage.
The centaur is moderately wounded.
The centaur hits you.
* * * LOW HITPOINT WARNING * * *
The centaur completely misses you.
Unknown command.
As you read the scroll labeled ZIUHET BEUN, it crumbles to dust.
It is a scroll of identify.
You don't have any unidentified items.
The centaur hits you.
* * * LOW HITPOINT WARNING * * *
The centaur hits you.
You die...

.......#
.......#####
...........##
............#
##'###......##
##.# #.......# ###
...# #.......###<#
.### ###......##c#
.# #.###..##@# .#
#.# #...#(#
.#######.###.#.#(#
.'....##........(#
.####.##........##
.# #.##........#
## #†##.######.#
#####.##.# #.#
.........## #..


You could see a centaur.

Vanquished Creatures
  An adder (D:2)
  2 worms (D:2)
  2 dart slugs (D:1)
  A leopard gecko (D:1)
  2 giant cockroaches (D:1)
  3 goblins
  6 hobgoblins
  4 jackals (D:3)
  A quokka (D:2)
  10 bats
  A frilled lizard (D:1)
  6 kobolds (D:1)
  5 rats
44 creatures vanquished.

Notes
Turn   | Place    | Note
-------+----------+-------------------------------------------
     0 | D:1      | Hasart the Mummy Fighter began the quest for the Orb.
     0 | D:1      | Reached XP level 1. HP: 18/18 MP: 1/1
   201 | D:1      | Reached XP level 2. HP: 17/24 MP: 2/2
   653 | D:1      | Reached XP level 3. HP: 28/29 MP: 3/3
  1321 | D:2      | Found an ancient bone altar of Kikubaaqudgha.
  1321 | D:2      | Found an iron altar of Okawaru.
  1624 | D:3      | Found a burning altar of Makhleb.
  1626 | D:3      | Noticed an Executioner
  1683 | D:3      | Reached XP level 4. HP: 30/37 MP: 4/4
  1762 | D:3      | Noticed a centaur
  1773 | D:3      | Slain by a centaur

Vault maps used:
D:1:      lordsloth_arrival_two_stooges, supply_closet_lemuel,
          minmay_pentomino_v2
D:2:      gammafunk_temple_overflow_statue, hangedman_feature_mirror,
          grunt_dithmenos_smoke
D:3:      makhleb_altar_promises_db

Skill      XL: |  1 |
---------------+----+-----
Long Blades    | 2 |  2.9
Fighting       | |  3.8
Armour         | |  2.4
Shields        | |  2.4

Action                   |  1- 3 |  4- 6 || total
-------------------------+-------+-------++-------
Melee: Long sword        |   185 |     7 ||   192
  Use: Scroll            |     2 |     1 ||     3
Armor: Scale mail        |   106 |     3 ||   109
Dodge: Dodged            |    58 |     3 ||    61
Block: Shield            |   115 |     5 ||   120
       Rpst.: Long sword |    12 |     1 ||    13

Table legend:
 A = Spawn XP
 B = Non-spawn XP
 C = Spawn XP percentage of total XP
 D = Spawn monster count
 E = Non-spawn monster count
 F = Spawn count percentage of total count
 G = Total turns spent on level
                    A         B        C        D         E        F      G
               +---------+---------+-------+---------+---------+-------+---------
         Total |       0 |      98 |   0.0 |       0 |      44 |   0.0 |  1773
               +---------+---------+-------+---------+---------+-------+---------
           D:1 |       0 |      52 |   0.0 |       0 |      29 |   0.0 |   900
           D:2 |       0 |      28 |   0.0 |       0 |       6 |   0.0 |   623
           D:3 |       0 |      18 |   0.0 |       0 |       9 |   0.0 |   250
               +---------+---------+-------+---------+---------+-------+---------
